[Event "Titled Tuesday Blitz February 14 Early 2023"]
[White "Rakhmanov, Aleksandr"]
[Black "Manukian, Artak"]
[WhiteFideId "4173708"]
[BlackFideId "13301373"]
[WhiteElo "2632"]
[BlackElo "2196"]
[Result "1/2-1/2"]
[Round "01"]
[TimeControl "180+2"]
[Date "2023.02.15"]
[WhiteClock "0:00:11"]
[BlackClock "0:01:18"]

1. c4 g6 2. Nc3 Bg7 3. g3 d6 4. Bg2 Nf6 5. d3 O-O 6. h3 e5 7. e4 c5 8. Nge2 Nc6 9. O-O Nd4 10. f4 Rb8 11. g4 a6 12. f5 Ne8 13. Nxd4 cxd4 14. Nd5 g5 15. f6 Bh6 16. h4 Kh8 17. hxg5 Rg8 18. gxh6 Bxg4 19. Qc2 Bh3 20. Rf2 Nxf6 21. Nxf6 Bxg2 22. Nxg8 Qh4 23. Kxg2 Rxg8+ 24. Kf1 Qh1+ 25. Ke2 Qh5+ 26. Kd2 Qxh6+ 27. Ke1 Rg1+ 28. Rf1 Rxf1+ 29. Kxf1 Qh1+ 30. Ke2 Qg2+ 31. Kd1 Qf1+ 32. Kd2 Qf2+ 33. Kd1 Qf1+ 34. Kd2 Qf2+ 35. Kd1 Qf1+ 1/2-1/2


[Site "https://www.chess.com"]

[Event "Titled Tuesday Blitz February 14 Early 2023"]
[White "Fernandez Garcia, Gumersindo"]
[Black "Ter-Sahakyan, Samvel"]
[WhiteFideId "24516740"]
[BlackFideId "13302531"]
[WhiteElo "2160"]
[BlackElo "2617"]
[Result "0-1"]
[Round "01"]
[TimeControl "180+2"]
[Date "2023.02.15"]
[WhiteClock "0:00:18"]
[BlackClock "0:00:41"]

1. d4 Nf6 2. c4 g6 3. Nc3 Bg7 4. e4 d6 5. Bg5 O-O 6. Qd2 Nc6 7. f3 e5 8. d5 Nd4 9. Nge2 c5 10. dxc6 bxc6 11. Nxd4 exd4 12. Qxd4 h6 13. Bxf6 Bxf6 14. Qd2 Rb8 15. Bd3 Qb6 16. Na4 Qa6 17. Nc3 Be6 18. O-O-O Qa5 19. f4 Rb7 20. f5 Bg5 21. fxe6 Bxd2+ 22. Rxd2 fxe6 23. Re1 Rfb8 24. Nd1 Qxa2 25. e5 d5 26. Bxg6 Qxc4+ 27. Bc2 Rb6 28. Rf2 Ra6 29. Ref1 Ra1+ 30. Kd2 Qd4+ 31. Bd3 Rxb2+ 32. Nxb2 Qxb2+ 33. Ke3 Qxe5+ 34. Kd2 Ra2+ 35. Bc2 Qd4+ 36. Kc1 Ra1+ 37. Bb1 Qc3+ 38. Rc2 Qe3+ 39. Kb2 Qa3# 0-1


[Site "https://www.chess.com"]

[Event "Titled Tuesday Blitz February 14 Early 2023"]
[White "Makarian, Rudik"]
[Black "Tymrakiewicz, Rafal"]
[WhiteFideId "44105681"]
[BlackFideId "1108832"]
[WhiteElo "2545"]
[BlackElo "2144"]
[Result "1-0"]
[Round "01"]
[TimeControl "180+2"]
[Date "2023.02.15"]
[WhiteClock "0:00:44"]
[BlackClock "0:00:06"]

1. d4 Nf6 2. c4 d6 3. Nf3 Nc6 4. Nc3 e5 5. g3 Bg4 6. d5 Bxf3 7. exf3 Nb8 8. Bh3 g6 9. f4 exf4 10. O-O Be7 11. Bxf4 O-O 12. Re1 Re8 13. Qd2 Nbd7 14. Re2 Nh5 15. Rae1 Nxf4 16. gxf4 f5 17. Nb5 Nf6 18. Nd4 Bf8 19. Ne6 Qd7 20. Qd3 Bg7 21. Kh1 Ne4 22. Rxe4 fxe4 23. Qxe4 Qe7 24. f5 Qf6 25. Rg1 g5 26. f4 h6 27. Qf3 Kh8 28. fxg5 1-0


[Site "https://www.chess.com"]

[Event "Titled Tuesday Blitz February 14 Early 2023"]
[White "Guliev, Logman"]
[Black "Bacrot, Etienne"]
[WhiteFideId "13400061"]
[BlackFideId "605506"]
[WhiteElo "2250"]
[BlackElo "2667"]
[Result "0-1"]
[Round "01"]
[TimeControl "180+2"]
[Date "2023.02.15"]
[WhiteClock "0:00:06"]
[BlackClock "0:01:04"]

1. e4 c5 2. Nf3 d6 3. d4 cxd4 4. Nxd4 Nf6 5. Nc3 Nc6 6. Bg5 e6 7. Qd2 a6 8. O-O-O Bd7 9. f3 Nxd4 10. Qxd4 Be7 11. Be3 h5 12. Kb1 Qc7 13. g3 b5 14. Qd2 Rc8 15. h4 b4 16. Ne2 e5 17. Bg5 O-O 18. Bh3 Bxh3 19. Rxh3 Rfd8 20. Rc1 d5 21. Bxf6 dxe4 22. Qe3 Bxf6 23. fxe4 Qc5 24. Qb3 Qc4 25. Ng1 Qxe4 26. Rh2 Qc4 27. Qf3 e4 28. Qe3 Qd4 29. Qxd4 Rxd4 30. Re2 Rcd8 31. Nh3 Be5 32. c3 bxc3 33. bxc3 Rd3 34. Rxe4 Rb8+ 35. Kc2 Rxc3+ 36. Kd2 Rd8+ 0-1


[Site "https://www.chess.com"]

[Event "Titled Tuesday Blitz February 14 Early 2023"]
[White "Martic, Ivan"]
[Black "Indjic, Aleksandar"]
[WhiteFideId "929301"]
[BlackFideId "911925"]
[WhiteElo "2301"]
[BlackElo "2618"]
[Result "0-1"]
[Round "01"]
[TimeControl "180+2"]
[Date "2023.02.15"]
[WhiteClock "0:00:14"]
[BlackClock "0:00:19"]

1. e4 e5 2. Nf3 Nc6 3. Bb5 Nf6 4. O-O Nxe4 5. d4 Nd6 6. Bxc6 dxc6 7. dxe5 Nf5 8. Qxd8+ Kxd8 9. Nc3 Bd7 10. h3 Be7 11. Bg5 Bxg5 12. Nxg5 Ke7 13. Rad1 Rad8 14. Rd2 h6 15. Nge4 Bc8 16. Rfd1 Rxd2 17. Rxd2 g5 18. Kf1 b6 19. g3 Ke6 20. f4 gxf4 21. gxf4 Ke7 22. Kf2 Be6 23. b3 a5 24. Nf6 h5 25. Nce4 h4 26. Ng5 Bc8 27. c4 Ng3 28. c5 b5 29. Kf3 Nf5 30. a3 b4 31. axb4 axb4 32. Ke4 Ng3+ 33. Kf3 Nf5 34. Rd1 Rf8 35. Ngh7 Rd8 36. Rxd8 Kxd8 37. Ng5 Nd4+ 38. Ke4 Nxb3 39. Nxf7+ Ke7 40. Ng5 Nxc5+ 41. Kd4 Ne6+ 42. Kc4 Nxg5 43. fxg5 c5 44. g6 Be6+ 45. Kd3 c4+ 46. Kd4 c3 47. Ke3 b3 48. g7 b2 49. g8=Q Bxg8 50. Nxg8+ Ke6 0-1


[Site "https://www.chess.com"]

[Event "Titled Tuesday Blitz February 14 Early 2023"]
[White "Molina, Roberto Junio Brito"]
[Black "Mujumdar, Sameer"]
[WhiteFideId "2109450"]
[BlackFideId "2029707"]
[WhiteElo "2403"]
[BlackElo "1992"]
[Result "1-0"]
[Round "01"]
[TimeControl "180+2"]
[Date "2023.02.15"]
[WhiteClock "0:00:42"]
[BlackClock "0:00:44"]

1. d4 Nf6 2. c4 g6 3. Nc3 Bg7 4. e4 d6 5. f3 O-O 6. Be3 Nc6 7. Nge2 a6 8. d5 Ne5 9. Nd4 c5 10. Nc2 Rb8 11. a4 e6 12. Be2 exd5 13. cxd5 h5 14. O-O Nh7 15. Qd2 f5 16. h3 Qf6 17. f4 Nf7 18. Rab1 fxe4 19. Nxe4 Qe7 20. Bd3 Bf5 21. Ng3 Nh6 22. Rfe1 Qf6 23. b4 b6 24. Bxa6 h4 25. Nf1 Qc3 26. Rec1 Rfe8 27. Qxc3 Bxc3 28. Bd2 Bd4+ 29. Nxd4 Bxb1 30. Nc6 Be4 31. Nxb8 Rxb8 32. Bc4 Nf6 33. Ne3 Nf5 34. Nxf5 gxf5 35. a5 cxb4 36. a6 Bxd5 37. Bxb4 Bxc4 38. Rxc4 Ra8 39. Bxd6 Rxa6 40. Be5 Ne4 41. Rc8+ Kf7 42. Rh8 b5 43. Rxh4 b4 44. Rh7+ Ke6 45. Rb7 Ra4 46. Kh2 Kd5 47. h4 Kc4 48. h5 Ra6 49. Kh3 Nf2+ 50. Kh4 Ng4 51. Bg7 b3 52. Kg5 Ne3 53. h6 1-0


[Site "https://www.chess.com"]

[Event "Titled Tuesday Blitz February 14 Early 2023"]
[White "Rangel, Daniel"]
[Black "Yuan, Qingyu"]
[WhiteFideId "2124475"]
[BlackFideId "8609772"]
[WhiteElo "2207"]
[BlackElo "2373"]
[Result "1/2-1/2"]
[Round "01"]
[TimeControl "180+2"]
[Date "2023.02.15"]
[WhiteClock "0:00:10"]
[BlackClock "0:00:03"]

1. c4 e6 2. g3 d5 3. Bg2 Nf6 4. Nf3 d4 5. O-O Be7 6. e3 Nc6 7. b3 e5 8. exd4 exd4 9. Ba3 O-O 10. Bxe7 Qxe7 11. d3 Bf5 12. Re1 Qd6 13. Nh4 Bg4 14. Bf3 h5 15. Nd2 Rae8 16. Bxg4 hxg4 17. Ne4 Nxe4 18. dxe4 Ne5 19. Qd2 c5 20. Qg5 Qe7 21. Qh5 Qf6 22. h3 Re6 23. hxg4 g6 24. Qh6 Qxf2+ 25. Kxf2 Nxg4+ 26. Kf3 Nxh6 27. Ng2 Kg7 28. Nf4 Re5 29. Nd3 Rg5 30. Kf4 Rg4+ 31. Kf3 b6 32. Nf4 g5 33. Nd5 f5 34. e5 f4 35. gxf4 gxf4 36. Rg1 Rg6 37. Nxf4 Rxg1 38. Rxg1+ Kf7 39. Ke4 Rg8 40. Rf1 Ke8 41. Nd5 Rg4+ 42. Rf4 Rxf4+ 43. Nxf4 Ng4 44. Nd3 Kd7 45. b4 Kc6 46. bxc5 bxc5 47. e6 Ne3 48. e7 Kd7 49. Nxc5+ Kxe7 50. Kxd4 Nf5+ 51. Ke5 Ne3 52. Kd4 Nf5+ 53. Kc3 Kd6 54. Ne4+ Kc6 55. Kb4 Ne3 56. Nd2 Kb6 57. Nb3 Nc2+ 58. Kc3 Ne3 59. c5+ Kc6 60. Kd4 Nf5+ 61. Kc4 Ne3+ 62. Kb4 Nd5+ 63. Ka5 Nc7 64. Kb4 Nd5+ 65. Kc4 Nf4 66. Nd4+ Kb7 67. Kb5 Nd3 68. c6+ Kc7 69. Ne6+ Kd6 70. c7 Kd7 71. Ka6 Nb4+ 72. Kxa7 Kc8 73. Kb6 Nxa2 74. Nd4 Nb4 75. Nb5 Nd5+ 76. Kc6 Nxc7 1/2-1/2


[Site "https://www.chess.com"]

[Event "Titled Tuesday Blitz February 14 Early 2023"]
[White "Madaminov, Mukhiddin"]
[Black "Fernandez, Michael"]
[WhiteFideId "14210703"]
[BlackFideId "5803560"]
[WhiteElo "2422"]
[BlackElo "2181"]
[Result "1-0"]
[Round "01"]
[TimeControl "180+2"]
[Date "2023.02.15"]
[WhiteClock "0:00:03"]
[BlackClock "0:00:01"]

1. d4 d5 2. Nc3 c6 3. Bf4 Nf6 4. e3 Bf5 5. f3 Bg6 6. g4 e6 7. h4 h6 8. Bd3 Bxd3 9. Qxd3 Bd6 10. Nge2 Qc7 11. O-O-O Nbd7 12. g5 Nh5 13. Bxd6 Qxd6 14. g6 f5 15. e4 Nf4 16. Qe3 Nxe2+ 17. Nxe2 O-O-O 18. e5 Qc7 19. Nf4 Rde8 20. Kb1 a6 21. Qa3 c5 22. c3 Kb8 23. Rhe1 Qc6 24. dxc5 Nxc5 25. c4 dxc4 26. Rd6 Qb5 27. Rc1 Nd3 28. Nxd3 cxd3 29. f4 Rc8 30. Rxc8+ Rxc8 31. Qxd3 Qb4 32. Qe3 Rc4 33. a3 Qb5 34. Rxe6 Re4 35. Qc3 Rxf4 36. Rd6 Rf1+ 37. Kc2 Rf2+ 38. Rd2 Rxd2+ 39. Kxd2 Qd5+ 40. Kc1 Qe4 41. Qc5 f4 42. Qd6+ Ka8 43. Qf8+ Ka7 44. Qc5+ Ka8 45. Kd2 f3 46. Qe3 Qd5+ 47. Ke1 Qe6 48. h5 1-0


[Site "https://www.chess.com"]

[Event "Titled Tuesday Blitz February 14 Early 2023"]
[White "Hajiyev, Kanan"]
[Black "Grigorjev, Iljya"]
[WhiteFideId "13404148"]
[BlackFideId "24159565"]
[WhiteElo "2197"]
[BlackElo "2426"]
[Result "0-1"]
[Round "01"]
[TimeControl "180+2"]
[Date "2023.02.15"]
[WhiteClock "0:00:02"]
[BlackClock "0:00:27"]

1. d4 Nf6 2. Nf3 g6 3. c4 Bg7 4. g3 O-O 5. Bg2 d5 6. O-O Nc6 7. c5 e5 8. Nxe5 Nxe5 9. dxe5 Ne4 10. Bxe4 dxe4 11. Qxd8 Rxd8 12. Bf4 Bh3 13. Rc1 h6 14. Nc3 g5 15. Be3 Bxe5 16. Rd1 f5 17. Rd5 Rxd5 18. Nxd5 Rd8 19. Rd1 Kf7 20. b4 c6 21. Nc3 Rxd1+ 22. Nxd1 Ke6 23. f4 exf3 24. exf3 f4 25. gxf4 gxf4 26. Bd2 Kd5 27. Kf2 Kc4 28. Ke2 Bf5 29. Nf2 Bb1 30. Nh3 Bxa2 31. Nxf4 Bb1 32. h4 Bc3 33. Ne6 Bxd2 34. Kxd2 Kxb4 35. Nd8 Kxc5 36. Nxb7+ Kd5 37. Ke3 c5 38. Na5 c4 39. h5 Bf5 40. Kf4 Bc2 41. Ke3 c3 42. f4 Bf5 43. Nb7 Bh7 44. Na5 Kc5 45. Nb3+ Kb4 46. Nd4 a5 47. f5 a4 48. f6 Bg8 49. Kd3 Bf7 0-1


[Site "https://www.chess.com"]

[Event "Titled Tuesday Blitz February 14 Early 2023"]
[White "Grigoriants, Sergey"]
[Black "Buchenau, Frank"]
[WhiteFideId "4130804"]
[BlackFideId "4604350"]
[WhiteElo "2562"]
[BlackElo "2222"]
[Result "1-0"]
[Round "01"]
[TimeControl "180+2"]
[Date "2023.02.15"]
[WhiteClock "0:00:28"]
[BlackClock "0:00:01"]

1. d4 e6 2. c4 Nf6 3. Nf3 b6 4. Bf4 Bb4+ 5. Nbd2 Bb7 6. a3 Be7 7. h3 c5 8. dxc5 bxc5 9. e3 O-O 10. Be2 Qb6 11. Rb1 a5 12. O-O a4 13. Ne5 d6 14. Nd3 Nbd7 15. Qc2 Ne4 16. Rfd1 Ndf6 17. Nf1 Bc6 18. f3 e5 19. Bh2 Ng5 20. Nf2 Rab8 21. Rd2 Ne6 22. Rbd1 Qb3 23. Qc1 h6 24. Ng3 g6 25. Rd3 Qxb2 26. Ng4 Qxc1 27. Rxc1 Nxg4 28. hxg4 Rb3 29. Rxb3 axb3 30. Rb1 Rb8 31. Rb2 Bd8 32. Bd1 Ba4 33. Ne4 Ba5 34. Rb1 Rb6 35. Bg3 Kf8 36. Nf6 Kg7 37. Ne4 f5 38. gxf5 gxf5 39. Nxd6 f4 40. Nc8 Rc6 41. Ne7 Rc7 42. Nd5 Rb7 43. exf4 exf4 44. Nxf4 Nxf4 45. Bxf4 Bc3 46. Be3 Bd4 47. Kf2 Bxe3+ 48. Kxe3 Re7+ 49. Kd2 Rd7+ 50. Kc3 Re7 51. Bxb3 Re3+ 52. Kc2 Re2+ 53. Kd3 Rxg2 54. Bxa4 Ra2 55. Rb3 1-0


[Site "https://www.chess.com"]

[Event "Titled Tuesday Blitz February 14 Early 2023"]
[White "Abdilkhair, Abilmansur"]
[Black "Maksimovic, Bojan"]
[WhiteFideId "13716417"]
[BlackFideId "14408120"]
[WhiteElo "2268"]
[BlackElo "2486"]
[Result "0-1"]
[Round "01"]
[TimeControl "180+2"]
[Date "2023.02.15"]
[WhiteClock "0:01:03"]
[BlackClock "0:01:46"]

1. d4 Nf6 2. c4 c5 3. d5 e5 4. Nc3 d6 5. e4 Be7 6. h3 O-O 7. Nf3 Nbd7 8. g4 Ne8 9. g5 g6 10. Bd3 Ng7 11. Be3 a6 12. a4 f5 13. gxf6 Nxf6 14. Qd2 Nfh5 15. Nh2 Nf4 16. O-O-O Nxh3 17. Nf1 Nf4 18. Bc2 Bg4 19. Re1 Ng2 20. Bh6 Nxe1 21. Qxe1 Bg5+ 22. Bxg5 Qxg5+ 23. Ne3 Bf3 24. Rg1 Qh4 25. Ne2 Bxe2 26. Qxe2 Qxf2 27. Qxf2 Rxf2 28. Ng4 Rf4 29. Nh6+ Kh8 30. Bd1 Raf8 31. Kc2 Rf1 32. Rg3 R8f2+ 33. Kc1 Nh5 34. Rb3 Nf4 35. Rxb7 Nd3+ 36. Kb1 Rxd1+ 37. Ka2 Nb4+ 0-1


[Site "https://www.chess.com"]

[Event "Titled Tuesday Blitz February 14 Early 2023"]
[White "Mendonca, Leon Luke"]
[Black "Mirzanurov, Bulat"]
[WhiteFideId "35028561"]
[BlackFideId "4184521"]
[WhiteElo "2603"]
[BlackElo "2232"]
[Result "1-0"]
[Round "01"]
[TimeControl "180+2"]
[Date "2023.02.15"]
[WhiteClock "0:01:10"]
[BlackClock "0:00:27"]

1. Nf3 d5 2. c4 e6 3. b3 Nf6 4. Bb2 c5 5. cxd5 exd5 6. g3 Be6 7. Bg2 h6 8. O-O Nc6 9. d4 cxd4 10. Nxd4 Nxd4 11. Qxd4 Be7 12. Nc3 O-O 13. Rfd1 Qa5 14. Nxd5 Bxd5 15. Bxd5 Rfd8 16. e4 Bc5 17. Qd3 Ng4 18. Rd2 Rac8 19. Rad1 Qb6 20. Qf3 Rxd5 21. exd5 Nxf2 22. Rxf2 Bxf2+ 23. Qxf2 Qxf2+ 24. Kxf2 Rc2+ 25. Ke3 Rxb2 26. d6 Rc2 27. d7 1-0


[Site "https://www.chess.com"]

[Event "Titled Tuesday Blitz February 14 Early 2023"]
[White "Babikov, Ivan"]
[Black "Remizov, Yaroslav"]
[WhiteFideId "4161106"]
[BlackFideId "34134015"]
[WhiteElo "2239"]
[BlackElo "2421"]
[Result "0-1"]
[Round "01"]
[TimeControl "180+2"]
[Date "2023.02.15"]
[WhiteClock "0:00:24"]
[BlackClock "0:01:27"]

1. Nf3 d5 2. g3 Bg4 3. Bg2 Nd7 4. d4 Ngf6 5. O-O e6 6. c4 c6 7. h3 Bxf3 8. Bxf3 Be7 9. Nc3 O-O 10. b3 a5 11. Bb2 h6 12. Qc2 Qc7 13. Rad1 Rac8 14. e4 dxe4 15. Nxe4 Nxe4 16. Bxe4 Nf6 17. Bg2 Rfd8 18. Rfe1 Bb4 19. Bc3 Bxc3 20. Qxc3 b5 21. Rc1 b4 22. Qb2 c5 23. dxc5 Qxc5 24. Rcd1 a4 25. Rd2 a3 26. Qc2 Rd4 27. Rxd4 Qxd4 28. Rd1 Qe5 29. Qd2 Rb8 30. Qd6 Qxd6 31. Rxd6 Ne8 32. Rd7 Nf6 33. Rd6 Kf8 34. c5 Rc8 35. c6 Nd5 36. Bxd5 exd5 37. Rxd5 Rxc6 38. Rb5 Rc2 39. Rxb4 Rxa2 40. Ra4 Ke7 41. Ra7+ Ke6 42. b4 Kd5 43. Rxf7 Rb2 44. Ra7 a2 45. Kg2 Kc4 46. b5 Kxb5 47. Kf3 Kc4 48. Ke3 Kc3 49. Rc7+ Kb3 50. Ra7 Rb1 51. Rb7+ Kc4 52. Rc7+ Kd5 53. Ra7 a1=Q 54. Rxa1 Rxa1 55. Kf4 Ke6 56. Kg4 Ra4+ 57. f4 Kf6 58. Kh5 g5 59. fxg5+ hxg5 60. h4 gxh4 61. gxh4 Rb4 62. Kh6 Rxh4# 0-1


[Site "https://www.chess.com"]

[Event "Titled Tuesday Blitz February 14 Early 2023"]
[White "Pichot, Alan"]
[Black "Delorme, Axel"]
[WhiteFideId "110973"]
[BlackFideId "632023"]
[WhiteElo "2638"]
[BlackElo "2483"]
[Result "1-0"]
[Round "01"]
[TimeControl "180+2"]
[Date "2023.02.15"]
[WhiteClock "0:00:33"]
[BlackClock "0:00:04"]

1. Nf3 d5 2. d4 e6 3. g3 Nf6 4. Bg2 c5 5. O-O cxd4 6. Nxd4 e5 7. Nb3 Be6 8. Nc3 Be7 9. Bg5 Nbd7 10. f4 exf4 11. gxf4 g6 12. Kh1 O-O 13. Nd4 Bg4 14. h3 Bh5 15. Qd2 Rc8 16. Nxd5 Nxd5 17. Bxd5 Nf6 18. Bg2 Re8 19. e4 Nxe4 20. Bxe4 Bxg5 21. Bxb7 Rb8 22. Bg2 Bf6 23. c3 Bxd4 24. Qxd4 Qxd4 25. cxd4 Rxb2 26. Rfe1 Rxe1+ 27. Rxe1 Rxa2 28. d5 Rd2 29. Re8+ Kg7 30. Ra8 Bd1 31. Rxa7 Bb3 32. Rd7 Kf6 33. Kg1 h5 34. Bf3 Rd4 35. Kf2 Rxf4 36. Ke3 Rb4 37. Rc7 Rb5 38. Kd4 Ra5 39. Rb7 Bxd5 40. Bxd5 Ra4+ 41. Bc4 Ra3 42. Rxf7+ Kg5 43. Be6 Ra4+ 44. Ke3 Ra3+ 45. Ke4 Ra4+ 46. Ke5 Ra5+ 47. Bd5 Kh4 48. Rf3 g5 49. Rd3 g4 50. hxg4 hxg4 51. Kf4 g3 52. Be4 Ra7 53. Rd8 Rf7+ 54. Bf5 1-0


[Site "https://www.chess.com"]

[Event "Titled Tuesday Blitz February 14 Early 2023"]
[White "Valle Maytin, Luis Enrique"]
[Black "Avinash, Ramesh"]
[WhiteFideId "3503666"]
[BlackFideId "45018340"]
[WhiteElo "2241"]
[BlackElo "2319"]
[Result "0-1"]
[Round "01"]
[TimeControl "180+2"]
[Date "2023.02.15"]
[WhiteClock "0:00:02"]
[BlackClock "0:01:30"]

1. e4 e6 2. d4 d5 3. exd5 exd5 4. Nf3 Nc6 5. Bd3 Bd6 6. O-O Nge7 7. Qe2 O-O 8. h3 Bf5 9. Nbd2 Bxd3 10. Qxd3 Ng6 11. c3 Re8 12. Nb3 Bf4 13. g3 Bxc1 14. Raxc1 Qf6 15. Kg2 Re7 16. Rce1 Rae8 17. Nbd2 h6 18. Rxe7 Rxe7 19. Re1 Kf8 20. Nf1 Rxe1 21. Nxe1 Nge7 22. Ne3 Nd8 23. Nf3 c6 24. Ne5 Kg8 25. f4 Nc8 26. Qf5 Qxf5 27. Nxf5 h5 28. g4 hxg4 29. hxg4 g6 30. Ng3 Nd6 31. Kf3 Kg7 32. b3 f6 33. Nd3 Kf7 34. f5 g5 35. Nc5 Ke7 36. Ke3 N8f7 37. Ne6 Nh6 38. Kf3 Nhf7 39. Nc5 b6 40. Nd3 Nb5 41. Ne2 Nfd6 42. Nb4 Kd7 43. a4 Na3 44. Ng3 Nb1 45. Na2 Nd2+ 46. Ke3 Nxb3 47. Ne2 Na5 48. Ng3 Nac4+ 49. Kd3 a5 50. Nc1 Nb2+ 51. Kc2 Nxa4 52. Kb3 b5 53. Nd3 Ne4 54. Nxe4 dxe4 55. Nc1 Nb6 56. Ne2 Nd5 57. Kc2 a4 58. Kb2 Kd6 59. Ka3 c5 60. Kb2 b4 61. cxb4 cxb4 62. Kc2 Nf4 63. Ng3 e3 64. Kd1 a3 0-1


[Site "https://www.chess.com"]

[Event "Titled Tuesday Blitz February 14 Early 2023"]
[White "Boros, Denes"]
[Black "Wahedi, Ahmad Siar"]
[WhiteFideId "722340"]
[BlackFideId "4651260"]
[WhiteElo "2406"]
[BlackElo "2274"]
[Result "1-0"]
[Round "01"]
[TimeControl "180+2"]
[Date "2023.02.15"]
[WhiteClock "0:00:25"]
[BlackClock "0:00:09"]

1. d4 d5 2. Nc3 e6 3. Nf3 Nf6 4. Bg5 c5 5. e4 cxd4 6. Nxd4 dxe4 7. Nxe4 Be7 8. Bb5+ Bd7 9. Bxf6 gxf6 10. c3 a6 11. Bxd7+ Nxd7 12. Qh5 O-O 13. Rd1 Qc7 14. O-O Ne5 15. f4 Ng6 16. f5 exf5 17. Nxf5 Rfd8 18. Qh6 Qb6+ 19. Kh1 Bf8 20. Qh5 Rxd1 21. Qxd1 Re8 22. Qf3 Bg7 23. Nxg7 Kxg7 24. Nxf6 Re3 25. Ne8+ Kh6 26. Qxf7 Re7 27. Qg8 Qb5 28. c4 Qxe8 29. Qd5 Re5 30. Qxb7 Re1 31. Qf3 Rxf1+ 32. Qxf1 Qe5 33. Qc1+ Qf4 34. Qxf4+ Nxf4 35. c5 Nd3 36. c6 Nf2+ 37. Kg1 Ne4 38. b4 Nd6 39. Kf2 Kg5 40. Ke3 Kf5 41. Kd4 Ke6 42. Kc5 Nc8 43. a4 Ke7 44. b5 axb5 45. axb5 Kd8 46. b6 Ke7 47. b7 1-0


[Site "https://www.chess.com"]

[Event "Titled Tuesday Blitz February 14 Early 2023"]
[White "Gurevich, Dmitry"]
[Black "Samunenkov, Ihor"]
[WhiteFideId "2000407"]
[BlackFideId "14187086"]
[WhiteElo "2393"]
[BlackElo "2501"]
[Result "0-1"]
[Round "01"]
[TimeControl "180+2"]
[Date "2023.02.15"]
[WhiteClock "0:00:03"]
[BlackClock "0:00:07"]

1. d4 d5 2. c4 e6 3. Nc3 c6 4. e4 dxe4 5. Nxe4 Bb4+ 6. Nc3 e5 7. dxe5 Qa5 8. Nf3 Bg4 9. Be2 Bxf3 10. Bxf3 Qxe5+ 11. Be2 Nf6 12. O-O O-O 13. Bd2 Nbd7 14. a3 Bc5 15. Bf3 Rad8 16. Qc2 Qc7 17. g3 Ne5 18. Be2 h6 19. Rad1 Rfe8 20. Bf4 Bd4 21. b4 Qc8 22. Kg2 Ng6 23. Be3 Bxe3 24. fxe3 Rxe3 25. Bf3 Ne5 26. Be2 Re8 27. Rd2 Neg4 28. Nd1 R3e7 29. h3 Ne3+ 30. Nxe3 Rxe3 31. Rf3 Qe6 32. Rxe3 Qxe3 33. Bf3 Qxa3 34. b5 Qc5 35. Re2 Rxe2+ 36. Qxe2 g6 37. bxc6 bxc6 38. Qd3 a5 39. h4 h5 40. Qc3 Kg7 41. Qb2 a4 42. Qc3 a3 43. Qb3 Qa5 44. Qa2 Qc3 0-1


[Site "https://www.chess.com"]

[Event "Titled Tuesday Blitz February 14 Early 2023"]
[White "Kilic, Eray"]
[Black "Grunberg, Mihai-Lucian"]
[WhiteFideId "44517173"]
[BlackFideId "1204149"]
[WhiteElo "2414"]
[BlackElo "2401"]
[Result "1-0"]
[Round "01"]
[TimeControl "180+2"]
[Date "2023.02.15"]
[WhiteClock "0:00:05"]
[BlackClock "0:00:03"]

1. e4 Nf6 2. e5 Nd5 3. d4 d6 4. Nf3 dxe5 5. dxe5 Bg4 6. h3 Bxf3 7. Qxf3 c6 8. Bd3 e6 9. O-O Nd7 10. Re1 Qc7 11. Qg3 g6 12. Nc3 Bg7 13. Nxd5 cxd5 14. Bf4 O-O 15. c3 a5 16. h4 Nc5 17. Bc2 a4 18. h5 a3 19. b4 Na4 20. Bxa4 Rxa4 21. h6 Bh8 22. Bg5 Rc8 23. Re3 d4 24. cxd4 Rxb4 25. Rd1 Qc2 26. Qf3 Qxa2 27. Bf6 Rb1 28. Ree1 Rxd1 29. Rxd1 Qd5 30. Qf4 Qb3 31. Rf1 Qd3 32. Rc1 Ra8 33. Bxh8 Qf5 34. Qe3 a2 35. Qc3 Qb1 36. Kh2 Qxc1 37. Qxc1 a1=Q 38. Qf4 Qa3 39. Qf6 Qf8 40. Bg7 Qd8 41. Qf4 Ra4 42. g3 Rxd4 43. Qe3 Rd3 44. Qa7 Rd2 45. Bf6 Qc8 46. Qe3 Qc2 47. Kg2 Qc6+ 48. Kh2 Qc2 49. Kg1 Qd1+ 50. Kg2 Qc2 51. Qa7 Qc6+ 52. Kh2 Qc8 53. Bg5 b5 54. Bxd2 b4 55. Bxb4 Qf8 56. Bxf8 1-0


[Site "https://www.chess.com"]

[Event "Titled Tuesday Blitz February 14 Early 2023"]
[White "Sowul, Bartosz"]
[Black "Boruchovsky, Avital"]
[WhiteFideId "1137590"]
[BlackFideId "2800055"]
[WhiteElo "2269"]
[BlackElo "2539"]
[Result "1/2-1/2"]
[Round "01"]
[TimeControl "180+2"]
[Date "2023.02.15"]
[WhiteClock "0:00:22"]
[BlackClock "0:00:36"]

1. e4 c5 2. Nc3 Nc6 3. Bb5 Nd4 4. Nf3 Nxb5 5. Nxb5 a6 6. Nc3 b5 7. d4 cxd4 8. Qxd4 e6 9. O-O Ne7 10. Bf4 Nc6 11. Qd2 b4 12. Nd5 d6 13. Nxb4 Nxb4 14. Qxb4 e5 15. Bg5 Qc7 16. Rad1 h6 17. Bh4 Rb8 18. Qa4+ Qd7 19. Qa5 g5 20. Nxe5 Qb5 21. Qc7 Be6 22. Nc6 Rc8 23. Nd4 Rxc7 24. Nxb5 axb5 25. Bg3 Rxc2 26. Bxd6 Bxd6 27. Rxd6 Rxb2 28. Rb6 Bxa2 29. Rb8+ Ke7 30. Rxh8 b4 31. Rxh6 b3 32. Rb6 Re2 33. h3 b2 34. g3 b1=Q 35. Rfxb1 Bxb1 36. Rxb1 Rxe4 37. Rb5 f6 38. Kg2 Ke6 39. Kf3 Ra4 40. g4 Ra3+ 41. Kg2 Rc3 42. Rf5 Rc2 43. Kg3 Rc3+ 44. Rf3 Rc4 45. Rf5 Rc3+ 46. f3 Rc1 47. Kg2 Rc2+ 48. Kg3 Rc1 49. Ra5 Rg1+ 50. Kf2 Rh1 51. Kg2 Rb1 52. Ra4 Ke5 53. Re4+ Kd5 54. Re8 Kd6 55. Rf8 Ke6 56. Rc8 Ke5 57. Re8+ Kd6 58. Kg3 Rg1+ 59. Kf2 Rh1 60. Kg2 Rb1 1/2-1/2


[Site "https://www.chess.com"]

[Event "Titled Tuesday Blitz February 14 Early 2023"]
[White "Rustemov, Alexander"]
[Black "Jovic, Stanoje"]
[WhiteFideId "4119002"]
[BlackFideId "905020"]
[WhiteElo "2525"]
[BlackElo "2075"]
[Result "1-0"]
[Round "01"]
[TimeControl "180+2"]
[Date "2023.02.15"]
[WhiteClock "0:00:47"]
[BlackClock "0:00:09"]

1. d4 Nf6 2. c4 e6 3. Nf3 b6 4. a3 d5 5. cxd5 exd5 6. Bg5 Be7 7. Nc3 O-O 8. e3 Re8 9. Bd3 Bg4 10. h3 Bh5 11. g4 Bg6 12. Ne5 c5 13. Bxg6 hxg6 14. Qf3 cxd4 15. exd4 Nbd7 16. O-O Nf8 17. Rad1 Ne6 18. Bxf6 gxf6 19. Nc6 Qd6 20. Nxd5 Bd8 21. Nxd8 Rexd8 22. Nxf6+ Kg7 23. Ne4 Qe7 24. d5 Ng5 25. Nxg5 Qxg5 26. Rfe1 Rd6 27. Re2 Rad8 28. Red2 a5 29. Kg2 f5 30. Qe3 f4 31. Qf3 Rc8 32. Re1 Rc5 33. Re4 Rcxd5 34. Rxd5 Rxd5 35. Rxf4 Rd7 36. Qe3 Qd5+ 37. Qe4 Qb5 38. b4 a4 39. Rf3 Rd1 40. Qe7+ Kh6 41. Qf8+ Kg5 42. Qf4+ Kh4 43. g5+ Kh5 44. Qg4# 1-0


[Site "https://www.chess.com"]

[Event "Titled Tuesday Blitz February 14 Early 2023"]
[White "Andrews, Todd"]
[Black "Acor, Corey"]
[WhiteFideId "2012456"]
[BlackFideId "2024861"]
[WhiteElo "2220"]
[BlackElo "2216"]
[Result "0-1"]
[Round "01"]
[TimeControl "180+2"]
[Date "2023.02.15"]
[WhiteClock "0:00:17"]
[BlackClock "0:00:15"]

1. e4 e5 2. Nf3 Nc6 3. d4 exd4 4. Nxd4 Bc5 5. Be3 Qf6 6. c3 Nge7 7. Nc2 Bxe3 8. Nxe3 Qe5 9. Qd3 d6 10. Nd2 f5 11. exf5 Nxf5 12. Nc4 Qe7 13. O-O-O O-O 14. Nd5 Qf7 15. Be2 Be6 16. Bf3 b5 17. Nce3 Ne5 18. Qe4 Nxe3 19. fxe3 Nxf3 20. gxf3 Bxd5 21. Rxd5 Rae8 22. Qd3 Qxf3 23. Re1 a6 24. Rg5 Rf7 25. h4 Rfe7 26. Reg1 Kh8 27. R5g3 Qf2 28. Qd4 Qf6 29. Qd3 Qxh4 30. e4 Qxe4 31. Qxe4 Rxe4 32. Rxg7 Re1+ 33. Kd2 Rxg1 34. Rxg1 Rg8 35. Re1 h5 36. Re7 Rg7 37. Re8+ Kh7 38. Ra8 h4 39. Re8 h3 40. Re3 Rg2+ 41. Kd3 h2 42. Rh3+ Kg6 43. a4 c5 44. axb5 axb5 45. b3 Kf5 46. Ke3 Kg4 47. Rh8 Rg3+ 48. Ke4 Rh3 49. Rg8+ Kh4 50. Rh8+ Kg3 51. Rg8+ Kf2 52. Rf8+ Ke2 53. Kd5 h1=Q+ 54. Kxd6 Rxc3 55. b4 cxb4 56. Re8+ Re3 57. Rf8 Qd1+ 58. Kc5 Rc3+ 59. Kb6 Qd6+ 60. Ka5 Qxf8 0-1


[Site "https://www.chess.com"]